Map: Arctic Dream LE

Players

Ganka - Winner!

  • Race: Protoss Protoss
  • Spawn Location: 5:00

SlayerNine - Winner!

  • Race: Terran Terran
  • Spawn Location: 6:00

qqq

  • Race: Protoss Protoss
  • Spawn Location: 11:00

Massa

  • Race: Terran Terran
  • League: Gold
  • Spawn Location: 12:00

VOD

Have the link to the VOD?

Description

Time

  • Played on: July 16, 2020, 12:16 p.m.
  • Length: 6:09
Show
View Real Time Build Order
Export as new Build Order

Ganka Protoss - Winner!

Build Orders:  

Get SALT Encoding   

  12  0:01  Probe  
  13  0:13  Probe  
  14  0:18  Pylon  
  14  0:24  Probe  
  15  0:33  Probe  
  15  0:39  Gateway  
  15  0:41  Probe  
  17  0:52  Assimilator  
  17  0:58  Probe, Pylon  
  18  1:11  Probe  
  19  1:23  Probe  
  20  1:28  Zealot  
  20  1:32  Cybernetics Core  
  22  2:00  Stalker  
  24  2:13  Shield Battery x2  
  24  2:26  Gateway  
  24  2:29  Gateway  
  24  2:30  Stalker  
  26  2:52  Warp Gate  
  26  3:11  Stalker  
  28  3:26  Stalker  
  30  3:33  Assimilator  
  30  3:43  Nexus  
  30  3:56  Forge  
  30  4:01  Pylon  
  30  4:19  Stalker  
  30  4:20  Stalker  
  34  4:35  Photon Cannon  
  34  4:39  Probe  
  34  4:40  Photon Cannon  
  35  4:46  Stalker  
  35  4:51  Probe  
  38  4:58  Stalker  
  40  5:01  Stalker  
  40  5:03  Probe  
  43  5:09  Probe  
  43  5:11  Stalker  
  43  5:12  Probe  
  46  5:17  Probe  
  46  5:20  Probe  
  48  5:26  Probe  
  50  6:04  Stalker x2  
Show
View Real Time Build Order
Export as new Build Order

SlayerNine Terran - Winner!

Build Orders:  

Get SALT Encoding   

  12  0:01  SCV  
  13  0:13  SCV  
  14  0:19  Supply Depot  
  14  0:28  Refinery, SCV  
  15  0:42  SCV  
  16  0:46  Barracks  
  16  0:57  Supply Depot  
  16  1:01  SCV  
  17  1:14  SCV  
  18  1:26  SCV  
  19  1:34  Factory  
  19  1:37  Marine  
  20  1:44  SCV  
  20  1:46  Refinery  
  21  1:56  SCV  
  23  2:07  Supply Depot  
  23  2:09  SCV  
  23  2:17  Factory Tech Lab  
  23  2:21  Barracks Reactor, Orbital Command  
  23  2:50  Siege Tank  
  26  2:58  Marine x2  
  27  3:02  SCV  
  29  3:16  Marine x2  
  31  3:33  Marine  
  31  3:34  Marine  
  33  3:51  Marine x2  
  33  4:09  Marine x2  
  33  4:11  SCV  
  33  4:16  Siege Tank  
  37  4:23  SCV  
  38  4:27  Marine x2  
  38  4:54  SCV  
  39  5:13  Command Center  
  39  5:31  Marine  
  39  5:59  Supply Depot  
Show
View Real Time Build Order
Export as new Build Order

qqq Protoss 

Build Orders: Cannon Rush 

Get SALT Encoding   

  12  0:02  Probe  
  13  0:14  Pylon  
  13  0:18  Probe  
  14  0:30  Probe  
  15  0:36  Forge  
  15  0:42  Probe  
  16  0:54  Probe  
  17  0:59  Pylon  
  17  1:06  Pylon  
  17  1:18  Photon Cannon  
  17  1:28  Photon Cannon  
  17  1:32  Pylon  
  17  1:57  Photon Cannon  
  17  2:02  Pylon  
  17  2:11  Pylon  
  17  2:18  Probe  
  17  2:20  Photon Cannon  
  18  2:28  Photon Cannon  
  18  2:30  Probe  
  19  2:38  Photon Cannon  
  19  2:48  Photon Cannon  
  19  2:51  Pylon  
  19  3:01  Photon Cannon  
  19  3:20  Gateway  
  19  3:45  Nexus  
  18  3:57  Assimilator  
  18  3:59  Probe, Assimilator  
  19  4:08  Cybernetics Core  
  19  4:11  Probe  
  20  4:23  Probe  
  21  4:35  Probe  
  22  4:42  Nexus  
  22  4:48  Probe  
  23  4:53  Pylon  
  23  4:57  Probe  
  24  5:05  Photon Cannon  
  24  5:13  Stalker  
  26  5:18  Probe  
  27  5:24  Pylon  
  27  5:36  Robotics Facility  
  27  5:50  Photon Cannon  
Show
View Real Time Build Order
Export as new Build Order

Massa Terran 

Build Orders:  

Get SALT Encoding   

  12  0:03  SCV  
  13  0:13  Supply Depot  
  13  0:18  SCV  
  14  0:30  SCV  
  15  0:37  Barracks  
  15  0:42  SCV  
  16  0:47  Refinery  
  16  0:54  SCV  
  17  1:06  SCV  
  19  1:18  SCV  
  19  1:28  Supply Depot  
  19  1:30  Reaper  
  19  1:32  Orbital Command  
  20  1:39  Barracks  
  20  1:54  Refinery  
  20  1:59  SCV  
  21  2:02  Reaper  
  22  2:11  SCV  
  23  2:20  Command Center  
  23  2:23  SCV  
  24  2:34  Reaper  
  24  2:35  Reaper  
  26  3:06  Reaper  
  26  3:07  Reaper  
  28  3:29  SCV  
  28  3:32  SCV  
  30  3:38  Reaper  
  30  3:39  Reaper, Factory  
  33  3:41  SCV  
  33  3:43  Barracks  
  33  3:44  SCV  
  34  3:53  SCV  
  35  3:56  SCV  
  36  4:05  SCV  
  36  4:08  SCV  
  38  4:17  SCV, Marine  
  38  4:18  Marine  
  38  4:20  SCV  
  40  4:35  Marine  
  40  4:36  Marine  
  42  4:43  Factory Tech Lab  
  41  4:49  Starport  
  41  4:50  SCV  
  41  4:51  SCV  
  43  4:53  Marine x2  
  43  4:56  Barracks Tech Lab  
  45  5:03  SCV  
  46  5:08  Supply Depot  
  46  5:09  Supply Depot x2  
  46  5:10  Engineering Bay  
  46  5:11  Supply Depot x2  
  46  5:16  Barracks Tech Lab  
  46  5:21  Barracks Tech Lab, SCV  
  46  5:22  SCV  
  44  5:29  Siege Tank  
  44  5:34  SCV x2  
  49  5:46  SCV  
Tags
 
Add a new tag
Caveats
  • Supply blocks, unpowered buildings, or Contaminate may cause inaccurate times.
  • Supply counts are checked every 10 seconds.